 Dungeon Crawl Stone Soup version 0.17.1-3-g152610e (webtiles) character file.

44 Kjetter the Skirmisher (level 3, 12/36 HPs)
             Began as a Deep Dwarf Wanderer on Apr 9, 2016.
             Quit the game on level 2 of the Dungeon.
             The game lasted 00:09:37 (826 turns).

Kjetter the Skirmisher (Deep Dwarf Wanderer)         Turns: 826, Time: 00:09:37

Health: 12/36      AC:  2    Str: 19    XL:     3   Next: 39%
Magic:  3/3        EV: 12    Int: 12    God:
Gold:   80         SH:  0    Dex: 12    Spells: 0 memorised, 2 levels left

rFire  . . .     SeeInvis .     o - -1 hand axe (curse)
rCold  . . .     Clarity  .     d - +0 robe
rNeg   . . .     SustAt   .     (no shield)
rPois  +         Gourm    .     (no helmet)
rElec  .         Spirit   .     (no cloak)
rCorr  .         Warding  .     (no gloves)
rMut   .         Stasis   .     (no boots)
MR     .....                    (no amulet)
Stlth  +.........               m - +3 ring of strength
                                n - ring of poison resistance

@: non-regenerating, not resistant to hostile enchantments, very unstealthy
A: damage resistance, recharge devices, sense surroundings 1, slow regeneration
3
a: Device Recharging


You were on level 2 of the Dungeon.
You were not hungry.

You visited 1 branch of the dungeon, and saw 2 of its levels.

You collected 80 gold pieces.

Inventory:

Hand Weapons
 o - a cursed -1 hand axe (weapon)
Missiles
 h - 13 stones (quivered)
Armour
 d - a +0 robe (worn)
Jewellery
 m - a +3 ring of strength (right hand)
 n - a ring of poison resistance (left hand)
Wands
 e - a wand of heal wounds (5)
Scrolls
 a - a scroll of noise {unknown}
 b - 2 scrolls of teleportation
 g - 2 scrolls of identify {unknown}
 i - a scroll of magic mapping {unknown}
 j - a scroll of remove curse {unknown}
 k - a scroll of enchant armour {unknown}
Potions
 p - a potion of resistance {unknown}
 q - a potion of flight {unknown}
Books
 c - Huanutz's Guide on Moulding

   Spells                             Type                      Level
   a - Beastly Appendage              Transmutation                1
   b - Sticks to Snakes               Transmutation                2
Comestibles
 f - a bread ration
 l - a meat ration


   Skills:
 + Level 4.3 Fighting
   Level 0.3 Polearms
 + Level 1.0 Throwing
 + Level 1.1 Armour
 + Level 1.8 Dodging
   Level 1.1 Shields
   Level 1.0 Transmutations
   Level 1.7 Ice Magic


You had 2 spell levels left.
You didn't know any spells.

Dungeon Overview and Level Annotations

Branches:
Dungeon (2/15)

Altars:


Innate Abilities, Weirdness & Mutations

You are resistant to damage.
You can recharge devices by infusing magical energy.
You passively map a small area around you.
You do not regenerate naturally.


Message History

You kill the goblin!
You see here a dagger.
h - 8 stones (gained 1)
h - 9 stones (gained 1)
h - 10 stones (gained 1)
h - 11 stones (gained 1)
h - 13 stones (gained 2)
q - a ruby potion You now have 73 gold pieces (gained 16).
You see here a dagger.
You see here 20 arrows.
Found a stone staircase leading down.
There is a stone staircase leading down here.
Found a stone staircase leading up.
You now have 80 gold pieces (gained 7).
An adder comes into view.
That item cannot be evoked!
There isn't anything here!
The adder moves out of view.
Are you sure you want to abandon this character and quit the game? (Confirm with "yes".)

,.
##.....>...........#
#.#..###############..
* , #.#.## #...###
#...# ####### #...#* *
###.##......# #...# ,
#.#........ #...# . *,
** #..........,
#...#.. , *
#..........,##...#.. *
* #<.@....... #.......
* , #.#........
#....#.. ,
#.........###.#.##.. ,
.......#####...†##.. *
........##..[.#<###..
, * ##..##.......##..#
*#. #.. ...........#
*# ,, ...
#..........### # , ,
...........†###


There were no monsters in sight!

Vanquished Creatures
  An adder (D:2)
  4 giant cockroaches (D:1)
  2 goblins
  5 hobgoblins
  A jackal (D:1)
  3 kobolds (D:1)
  7 bats
  2 giant newts
  8 rats
33 creatures vanquished.

Vanquished Creatures (others)
  2 jackals (D:1)
2 creatures vanquished.

Grand Total: 35 creatures vanquished

Notes
Turn   | Place    | Note
--------------------------------------------------------------
     0 | D:1      | Kjetter the Deep Dwarf Wanderer began the quest for the Orb.
     0 | D:1      | Kjetter set off with: a +2 spear, a scroll of teleportation, Huanutz's Guide on Moulding, a +0 robe, a wand of heal wounds (5), a bread ration
     0 | D:1      | Reached XP level 1. HP: 21/21 MP: 1/1
     5 | D:1      | Identified Huanutz's Guide on Moulding
    35 | D:1      | Reached skill level 4 in Fighting
    39 | D:1      | Reached XP level 2. HP: 27/30 MP: 2/2
   417 | D:1      | Reached skill level 1 in Dodging
   502 | D:1      | Reached XP level 3. HP: 18/36 MP: 3/3
   826 | D:2      | Quit the game

Action                   || total
-------------------------++-------
Melee: Spear             ||    86
       Hand axe          ||    22
Throw: Stone             ||    25
 Stab: Sleeping          ||     2
